 Dungeon Crawl Stone Soup version 0.25-a0-797-g0023389 (webtiles) character file.

Game seed: 12929918803949103889, levelgen mode: deterministic

85 Faca the Vandal (level 4, -1/30 HPs)
             Began as a Halfling Hunter on Apr 18, 2020.
             Slain by a gnoll
             ... wielding a +0 flail
              (4 damage)
             ... on level 2 of the Dungeon.
             The game lasted 00:03:35 (2600 turns).

Faca the Vandal (Halfling Hunter)                   Turns: 2600, Time: 00:03:36

Health: -1/30      AC:  3    Str: 14    XL:     4   Next: 75%
Magic:  4/4        EV: 12    Int:  9    God:
Gold:   68         SH:  0    Dex: 14    Spells: 3/3 levels left

rFire    . . .     SeeInvis .   b - +0 short sword
rCold    . . .     Gourm    .   (shield restricted)
rNeg     . . .     Faith    .   c - +0 leather armour
rPois    .         Spirit   .   (no helmet)
rElec    .         Reflect  .   (no cloak)
rCorr    .         Harm     .   (no gloves)
MR       .....                  (no boots)
Stlth    +.........             (no amulet)
HPRegen  0.10/turn              g - -2 ring of evasion (curse)
MPRegen  0.09/turn              (no ring)

@: no status effects
A: small, mutation resistance 1
a: no special abilities


You were on level 2 of the Dungeon.
You were hungry.

You visited 1 branch of the dungeon, and saw 2 of its levels.

You collected 68 gold pieces.

Inventory:

Hand Weapons
 a - a +1 hunting sling
 b - a +0 short sword (weapon)
Missiles
 d - 17 sling bullets
 e - 99 stones (quivered)
Armour
 c - a +0 leather armour (worn)
Jewellery
 g - a cursed -2 ring of evasion (left hand)
 n - an uncursed amulet of regeneration {unknown}
Scrolls
 i - a scroll of identify {unknown}
 k - a scroll of magic mapping
 l - a scroll of teleportation
 m - a scroll of noise {unknown}
Potions
 h - a potion of might {unknown}
 j - a potion of brilliance {unknown}
 o - a potion of mutation {unknown}
Comestibles
 f - 3 rations


   Skills:
 + Level 2.7 Fighting
 + Level 2.5 Short Blades
 + Level 6.8 Slings
 - Level 2.1 Dodging
 - Level 1.1 Stealth


You had 3 spell levels left.
You didn't know any spells.
Your spell library was empty.

Dungeon Overview and Level Annotations

Branches:
Dungeon (2/15)

Altars:
Qazlal


Innate Abilities, Weirdness & Mutations

You are small and have problems with some larger weapons.
You are somewhat resistant to further mutation.


Message History

You hit the gnoll but do no damage.
The gnoll is lightly wounded.
The gnoll hits you but does no damage.
You closely miss the gnoll.
The gnoll is lightly wounded.
The gnoll hits you with a +0 flail.
You hit the gnoll but do no damage.
The gnoll is lightly wounded.
The gnoll closely misses you.
You hit the gnoll but do no damage.
The gnoll is lightly wounded.
You are feeling hungry.
You barely miss the gnoll.
The gnoll is lightly wounded.
The gnoll hits you with a +0 flail!
* * * LOW HITPOINT WARNING * * *
You hit the gnoll but do no damage.
The gnoll is lightly wounded.
The gnoll hits you with a +0 flail.
You die...

#..#..##..#..................##
#......#......#.#.#.#.#......##
#...(..........(...+.........).
#.#....#.#.........##........##
#........##.......###.#..##..##
######.#####.....## #.#........
#.# ##...## #.#####..## #.#
##'## #.##.....# .(# #@#
#.##.###.# ## #g# #.##.###.#
#.# #........# ... ####.#####
....#######.# #............#
#..########### $.##


You could see a gnoll.

Vanquished Creatures
  3 gnolls
  An adder (D:2)
  A worm (D:2)
  3 dart slugs
  A leopard gecko (D:2)
  4 giant cockroaches
  3 goblins
  5 hobgoblins
  A quokka (D:2)
  8 bats
  2 frilled lizards (D:2)
  3 kobolds (D:1)
  5 rats
40 creatures vanquished.

Notes
Turn   | Place    | Note
-------+----------+-------------------------------------------
     0 | D:1      | Faca the Halfling Hunter began the quest for the Orb.
     0 | D:1      | Reached XP level 1. HP: 14/14 MP: 1/1
    56 | D:1      | Reached skill level 6 in Slings
    56 | D:1      | Reached XP level 2. HP: 4/19 MP: 2/2
   468 | D:1      | Reached skill level 1 in Short Blades
   796 | D:1      | Reached XP level 3. HP: 20/24 MP: 3/3
  1607 | D:2      | Reached XP level 4. HP: 20/30 MP: 4/4
  2150 | D:2      | Found a stormy altar of Qazlal.
  2600 | D:2      | Slain by a gnoll

Levels and vault maps discovered:
D:1:      dpeg_arrival_renting, layout_basic, minmay_misc_feat_nine_boxes
D:2:      layout_loops_corners, nicolae_qazlal_eye_of_the_storm, st_stairs_4,
          uniq_sigmund

Skill      XL: |  1  2  3 |
---------------+----------+-----
Fighting       | 2 |  2.7
Slings         | 6 |  6.8
Short Blades   | 1 2 |  2.5
Dodging        | |  2.1
Stealth        | |  1.1

Action                   |  1- 3 |  4- 6 || total
-------------------------+-------+-------++-------
Melee: Short sword       |   141 |    62 ||   203
 Fire: Hunting sling     |     9 |       ||     9
  Use: Scroll            |     3 |       ||     3
 Stab: Sleeping          |     1 |     1 ||     2
  Eat: Chunk             |     2 |     3 ||     5
Armor: Leather armour    |    82 |     5 ||    87
Dodge: Dodged            |   131 |    30 ||   161

Table legend:
 A = Non-vault XP
 B = Vault XP
 C = Vault XP percentage of total XP
 D = Non-vault monster count
 E = Vault monster count
 F = Vault count percentage of total count
                 A         B        C        D         E       F
            +---------+---------+-------+---------+---------+-------
      Total |     105 |      17 |  13.9 |      37 |       3 |   7.5
            +---------+---------+-------+---------+---------+-------
        D:1 |      51 |       0 |   0.0 |      21 |       0 |   0.0
        D:2 |      54 |      17 |  23.9 |      16 |       3 |  15.8
            +---------+---------+-------+---------+---------+-------
